 Dungeon Crawl Stone Soup version 0.25-a0-353-ged6d54792d (webtiles) character file.

Game seed: 5673279098215248257, levelgen mode: deterministic

3682 PentaManta the Slinger (level 9, -3/41 HPs)
             Began as a Spriggan Hunter on Jan 2, 2020.
             Was an Elder of Okawaru.
             Slain by a hippogriff (4 damage)
             ... on level 8 of the Dungeon.
             The game lasted 00:23:44 (9081 turns).

PentaManta the Slinger (Spriggan Hunter)            Turns: 9081, Time: 00:23:45

Health: -3/41      AC:  4    Str:  8    XL:     9   Next: 90%
Magic:  10/10      EV: 42    Int: 13    God:    Okawaru [****..]
Gold:   199        SH:  0    Dex: 19    Spells: 8/8 levels left

rFire    . . .     SeeInvis +   a - +1 hunting sling
rCold    + . .     Gourm    .   (shield restricted)
rNeg     . . .     Faith    .   c - +0 robe
rPois    .         Spirit   .   (helmet restricted)
rElec    .         Reflect  .   r - +1 cloak
rCorr    .         Harm     .   (gloves unavailable)
MR       +....                  (boots unavailable)
Stlth    +++++.....             i - amulet of the acrobat
HPRegen  0.13/turn              e - ring of ice
MPRegen  0.12/turn              t - ring of protection from fire

@: acrobat, very quick
A: very small, unfitting armour, see invisible, herbivore, speed 3, slow
metabolism 2
a: Heroism, Renounce Religion


You were on level 8 of the Dungeon.
You worshipped Okawaru.
Okawaru was greatly pleased with you.
You were not hungry.

You visited 2 branches of the dungeon, and saw 9 of its levels.
You also visited: Sewer.

You collected 316 gold pieces.
You spent 117 gold pieces at shops.

Inventory:

Hand Weapons
 a - a +1 hunting sling (weapon)
 b - a +0 short sword
Missiles
 d - 101 sling bullets (quivered)
 g - 117 stones
 p - 2 curare-tipped darts
 q - 5 poisoned darts
 v - 2 throwing nets
 w - 55 bolts
Armour
 c - a +0 robe (worn)
 r - a +1 cloak (worn)
Jewellery
 e - a ring of ice (left hand)
 i - an amulet of the acrobat (around neck)
 t - a ring of protection from fire (right hand)
Wands
 j - a wand of disintegration (15)
 D - a wand of clouds (4)
Scrolls
 h - 2 scrolls of fear
 k - 2 scrolls of remove curse
 x - 4 scrolls of teleportation
 y - 4 scrolls of identify
Potions
 l - 2 potions of might
 m - 2 potions of ambrosia
 n - 6 potions of curing
 o - a potion of cancellation
 s - a potion of magic
 u - a potion of berserk rage {unknown}
 z - 2 potions of lignification {unknown}
 A - 2 potions of heal wounds {unknown}
 B - 3 potions of haste {unknown}
 C - a potion of brilliance {unknown}
 E - a potion of flight {unknown}
Comestibles
 f - 10 rations


   Skills:
 - Level 1.5 Fighting
 * Level 12.6 Slings
 + Level 10.4 Dodging
 + Level 10.9 Stealth


You had 8 spell levels left.
You didn't know any spells.
Your spell library contained the following spells:

 Spells                   Type           Power        Failure   Level  Hunger
 Irradiate                Conj/Tmut      #.........   100%        5    ######.
 Hydra Form               Tmut           #.........   100%        6    #######
 Statue Form              Tmut/Erth      #........    100%        6    #######
 Dragon Form              Tmut           #.........   100%        7    #######


Dungeon Overview and Level Annotations

Branches:
Dungeon (8/15)             Temple (1/1) D:4           Sewer (visited)
   Lair: D:8-11

Altars:
Ashenzari
Cheibriados
Dithmenos
Elyvilon
Fedhas
Gozag
Hepliaklqana
Kikubaaqudgha
Makhleb
Nemelex Xobeh
Okawaru
Qazlal
Ru
Sif Muna
Trog
Uskayaw
Vehumet
Yredelemnul
Zin
The Shining One

Shops:
D:4 *   D:7 %

Annotations:
D:3 2 transporters
D:8 Joseph


Innate Abilities, Weirdness & Mutations

You are very small and have problems with some larger weapons.
You are too small for most types of armour.
You have supernaturally acute eyesight. (SInv)
You are a herbivore.
You cover ground extremely quickly.
You need to consume almost no food.


Message History

Aim: Joseph, wielding a +0 hunting sling, wearing a +0 leather armour and quivering 10 sling bullets (heavily wounded, poisoned)
You shoot a sling bullet. The sling bullet hits the hippogriff.
The hippogriff is severely wounded.
Firing (i - inventory. (/) - cycle)
d - 102 sling bullets (quivered)
Press: ? - help, Shift-Dir - straight line, f/p - Joseph
Aim: Joseph, wielding a +0 hunting sling, wearing a +0 leather armour and quivering 10 sling bullets (heavily wounded, poisoned)
You shoot a sling bullet.
The sling bullet barely misses the hippogriff.
The sling bullet barely misses Joseph.
The hippogriff bites you! The hippogriff pecks you!
* * * LOW HITPOINT WARNING * * *
The hippogriff misses you.
Firing (i - inventory. (/) - cycle)
d - 101 sling bullets (quivered)
Press: ? - help, Shift-Dir - straight line, f/p - Joseph
Aim: Joseph, wielding a +0 hunting sling, wearing a +0 leather armour and quivering 10 sling bullets (heavily wounded, poisoned)
Okay, then.
The hippogriff bites you.
* * * LOW HITPOINT WARNING * * *
The hippogriff pecks you.
You die...

#.#...#..# # #.# ##
#.#.###..#
#.########## #.
#...#
####.##........ #
#...##
#.......#######
#...##. #.##.####
...o##.###.#..)###
..#...#..#...##
#.#.#.#......###
#.@........#...#
#H#.#.#.##...#)#
#@#.....###.##.#
#(##.#.###...#.####
#(#.###....#.......
#..## ##.#...######
##(## .##........#
....((.(..#
#..#..####.#
.........(###.##.<#
#.#


You could see Joseph, a hippogriff and an orc wizard (wandering).

Vanquished Creatures
  A two-headed ogre (D:8)
  An ugly thing (D:8)
  A hippogriff (D:8)
  Grinder (D:3)
  Eustachio (D:6)
  A sky beast (D:8)
  A black bear (D:8)
  2 ogres
  4 phantoms
  2 centaurs
  A big kobold (D:7)
  2 bullfrogs
  A water moccasin zombie (D:8)
  2 scorpions
  4 crimson imps
  A centaur zombie (D:5)
  An orc priest (D:8)
  A hound (D:2)
  3 orc wizards
  A centaur skeleton (D:3)
  Crazy Yiuf (D:3)
  3 iguanas
  5 worker ants
  Terence (D:3)
  A killer bee zombie (D:6)
  4 hound skeletons
  6 gnolls (D:5)
  11 adders
  A river rat (D:6)
  2 oozes
  2 worms
  3 dart slugs
  8 leopard geckos
  7 orcs
  6 giant cockroaches
  8 goblins
  11 hobgoblins
  17 jackals
  3 quokkas
  6 ball pythons
  11 bats
  7 frilled lizards
  13 kobolds
  A leopard gecko skeleton (D:5)
  A quokka skeleton (D:6)
  A quokka zombie (D:7)
  9 rats
  A spectral orc (D:2)
  A plant (Sewer)
183 creatures vanquished.

Vanquished Creatures (others)
  A plant (Sewer)
1 creature vanquished.

Grand Total: 184 creatures vanquished

Notes
Turn   | Place    | Note
-------+----------+-------------------------------------------
     0 | D:1      | PentaManta the Spriggan Hunter began the quest for the Orb.
     0 | D:1      | Reached XP level 1. HP: 10/10 MP: 2/2
   171 | D:1      | Reached skill level 5 in Slings
   256 | D:1      | Reached XP level 2. HP: 14/14 MP: 3/3
   703 | D:2      | Reached XP level 3. HP: 18/18 MP: 4/4
  1002 | D:2      | Found a stormy altar of Qazlal.
  1215 | D:2      | Reached XP level 4. HP: 22/22 MP: 5/5
  1230 | D:2      | Reached skill level 6 in Slings
  1329 | D:2      | Found a basalt altar of Yredelemnul.
  1406 | D:2      | Found a blossoming altar of Fedhas.
  1834 | D:3      | Reached XP level 5. HP: 25/25 MP: 6/6
  1899 | D:3      | Found a hazy altar of Hepliaklqana.
  1899 | D:3      | Noticed Terence
  1923 | D:3      | Killed Terence
  2027 | D:3      | Found an ancient bone altar of Kikubaaqudgha.
  2031 | D:3      | Found a transporter.
  2043 | D:3      | Found a transporter.
  2183 | D:3      | Noticed Grinder
  2740 | D:3      | Paralysed by Grinder for 6 turns
  2761 | D:3      | Killed Grinder
  2761 | D:3      | Reached skill level 7 in Slings
  2761 | D:3      | Reached skill level 5 in Dodging
  2761 | D:3      | Reached skill level 5 in Stealth
  2761 | D:3      | Reached XP level 6. HP: 22/30 MP: 7/7
  3039 | D:3      | Found a runed translucent door.
  3040 | D:3      | Noticed Crazy Yiuf
  3177 | D:3      | Killed Crazy Yiuf
  3248 | D:4      | Found Xomesy Pait's Assorted Antiques.
  3251 | D:4      | Bought a sedimented amethyst potion for 27 gold pieces
  3479 | D:4      | Found a shattered altar of Ashenzari.
  3493 | D:4      | Found a sparkling altar of Nemelex Xobeh.
  3511 | D:4      | Found a staircase to the Ecumenical Temple.
  3520 | Temple   | Entered the Ecumenical Temple
  3583 | Temple   | Became a worshipper of Warmaster Okawaru
  3855 | D:5      | Entered Level 5 of the Dungeon
  3876 | D:4      | Reached skill level 8 in Slings
  3876 | D:4      | Reached XP level 7. HP: 7/33 MP: 8/8
  4205 | D:5      | Found a white marble altar of Elyvilon.
  4611 | D:5      | Found Zin's Purification Station.
  4614 | D:5      | Found a glowing silver altar of Zin.
  4617 | D:5      | Bought a potion of curing for 90 gold pieces
  4622 | D:5      | Found a snail-covered altar of Cheibriados.
  4999 | D:6      | Noticed Eustachio
  5031 | D:6      | Killed Eustachio
  5031 | D:6      | Reached * piety under Okawaru
  5031 | D:6      | Reached skill level 9 in Slings
  5178 | D:6      | Reached XP level 8. HP: 34/37 MP: 9/9
  5564 | D:6      | Found a shadowy altar of Dithmenos.
  5730 | D:6      | Found a glowing drain.
  5740 | Sewer    | Entered a sewer
  7133 | D:7      | Reached ** piety under Okawaru
  7133 | D:7      | Reached skill level 10 in Slings
  7303 | D:7      | Found Heulum's Food Boutique.
  7552 | D:7      | Found a sparkling altar of Nemelex Xobeh.
  8072 | D:8      | Reached skill level 11 in Slings
  8072 | D:8      | Reached XP level 9. HP: 41/41 MP: 10/10
  8308 | D:8      | Reached *** piety under Okawaru
  8819 | D:8      | Noticed a two-headed ogre
  8819 | D:8      | Noticed a purple ugly thing
  8873 | D:8      | Killed a two-headed ogre
  8873 | D:8      | Received a gift from Okawaru
  8873 | D:8      | Received a gift from Okawaru
  8873 | D:8      | Reached skill level 12 in Slings
  8873 | D:8      | Reached skill level 10 in Dodging
  8873 | D:8      | Reached skill level 10 in Stealth
  8907 | D:8      | Killed a purple ugly thing
  8907 | D:8      | Reached **** piety under Okawaru
  9059 | D:8      | Noticed Joseph
  9081 | D:8      | HP: 1/41 [hippogriff (4)]
  9081 | D:8      | Slain by a hippogriff

Levels and vault maps discovered:
D:1:      dpeg_arrival_signposts, layout_rooms
D:2:      layout_basic, yredelemnul_forgotten_temple_becter,
          lemuel_doored_altar, fedhas_altar_4, hex_tiny, minivault_24
D:3:      layout_basic, lemuel_coloured_pillars_altar,
          gammafunk_temple_overflow_arena, uniq_crazy_yiuf_cottage,
          uniq_terence, uniq_grinder
D:4:      layout_basic, cheibrodos_ashenzari_chains,
          nemelex_xobeh_ov_fountains_minmay, temple_fountains, first_ration,
          serial_forest, infiniplex_forest_fountain,
          infiniplex_forest_clump_long, infiniplex_forest_clump_tiny,
          infiniplex_forest_clump_long, infiniplex_forest_zigzag_1,
          infiniplex_forest_end_double, infiniplex_forest_clump_C, serial_shops,
          kennysheep_mini, st_stairs_3
D:5:      layout_loops_ring, elyvilon_altar_4, zin_purify,
          cheibrodos_worm_habitat
D:6:      layout_basic, nicolae_overflow_hidden_temple, portal_sewer_entry_b,
          minmay_misc_feat_square, grunt_ministairs_15, uniq_eustachio
D:7:      layout_basic, serial_shops, shop, nemelex_spade_bored_becter
D:8:      layout_loops_ring, uniq_joseph
Temple:   zaba_magenta_temple

Skill      XL: |  1  2  3  4  5  6  7  8  9 |
---------------+----------------------------+-----
Slings         | 5 6 7 8 9 11 12 | 12.6
Stealth        | 2 3 4 5 7 9 10 | 10.9
Dodging        | 4 5 6 7 8 10 | 10.4
Fighting       | |  1.5

Action                   |  1- 3 |  4- 6 |  7- 9 || total
-------------------------+-------+-------+-------++-------
Melee: Short sword       |       |       |   112 ||   112
 Fire: Hunting sling     |   138 |   188 |   812 ||  1138
Throw: Dart              |       |    10 |    20 ||    30
  Use: Scroll            |     6 |     6 |     2 ||    14
       Potion            |       |       |     1 ||     1
  Eat: Ration            |       |       |     2 ||     2
Armor: Robe              |     4 |     1 |    15 ||    20
Dodge: Dodged            |    51 |    63 |   285 ||   399

Table legend:
 A = Non-vault XP
 B = Vault XP
 C = Vault XP percentage of total XP
 D = Non-vault monster count
 E = Vault monster count
 F = Vault count percentage of total count
                 A         B        C        D         E       F
            +---------+---------+-------+---------+---------+-------
      Total |    4648 |     612 |  11.6 |     148 |      34 |  18.7
            +---------+---------+-------+---------+---------+-------
        D:1 |      39 |       0 |   0.0 |      19 |       0 |   0.0
        D:2 |     121 |       1 |   0.8 |      27 |       1 |   3.6
        D:3 |      92 |     327 |  78.0 |      25 |       3 |  10.7
        D:4 |     190 |       2 |   1.0 |       7 |       1 |  12.5
        D:5 |     354 |       5 |   1.4 |      16 |       1 |   5.9
        D:6 |     421 |     221 |  34.4 |      18 |       9 |  33.3
        D:7 |     797 |       0 |   0.0 |      16 |       0 |   0.0
        D:8 |    2634 |       0 |   0.0 |      20 |       0 |   0.0
      Sewer |       0 |      56 | 100.0 |       0 |      19 | 100.0
            +---------+---------+-------+---------+---------+-------
